 Dungeon Crawl Stone Soup version 0.23.2-30-g0e89c35649 (webtiles) character file.

Game seed: 10638132116828499509

7611 senseless the Carver (level 10, -10/76 HPs)
             Began as a Demonspawn Fighter on June 6, 2019.
             Was a Priest of Qazlal.
             Mangled by an eight-headed hydra (13 damage)
             ... on level 9 of the Dungeon on June 7, 2019.
             The game lasted 00:33:10 (7957 turns).

senseless the Carver (Demonspawn Fighter)           Turns: 7957, Time: 00:33:11

Health: -10/76     AC: 15    Str: 17    XL:     10   Next: 98%
Magic:  2/10       EV: 13    Int: 10    God:    Qazlal [***...]
Gold:   545        SH: 15    Dex: 24    Spells: 9/9 levels left

rFire    . . .     SeeInvis .   n - +4 long sword of the Jester {protect, -Tele Fragile rElec Dex+9}
rCold    . . .     Gourm    .   c - +0 shield
rNeg     . . .     Faith    .   b - +0 scale mail
rPois    .         Spirit   .   p - +2 helmet
rElec    +         Reflect  .   e - scarf {repulsion}
rCorr    .         Harm     .   m - +1 pair of gloves (curse)
MR       .....     NoTele   +   (no boots)
Stlth    +.........             (no amulet)
HPRegen  0.22/turn              (no ring)
MPRegen  0.12/turn              (no ring)

@: repel missiles
A: talons 2, icy blue scales 1, powered by death 1, spiny 2
a: Upheaval, Elemental Force, Renounce Religion


You were on level 9 of the Dungeon.
You worshipped Qazlal.
Qazlal was most pleased with you.
You were hungry.

You visited 2 branches of the dungeon, and saw 11 of its levels.

You collected 545 gold pieces.

Inventory:

Hand Weapons
 a - a +1 long sword
 n - the +4 long sword of the Jester (weapon) {protect, -Tele Fragile rElec Dex+9}
   (You found it on level 5 of the Dungeon)

   It protects the one who uses it against injury (+AC on strike).
   It affects your dexterity (+9).
   It insulates you from electricity.
   It prevents most forms of teleportation.
   It will be destroyed if unequipped.
 o - the +5 dagger of the Doomed Warrior {flame, rElec}
   (You found it on level 5 of the Dungeon)

   It has been specially enchanted to burn those struck by it, causing extra
   injury to most foes and up to half again as much damage against particularly
   susceptible opponents.
   It insulates you from electricity.
Armour
 b - a +0 scale mail (worn)
 c - a +0 shield (worn)
 e - a scarf of repulsion (worn)
 g - a +0 helmet
 m - a cursed +1 pair of gloves (worn)
 p - a +2 helmet (worn)
Wands
 t - a wand of random effects (8)
Scrolls
 i - 5 scrolls of identify
 j - 7 scrolls of remove curse
 q - 4 scrolls of teleportation
 r - a scroll of blinking
 u - a scroll of enchant weapon
Potions
 d - 2 potions of might
 h - 5 potions of curing
 k - a potion of heal wounds
 l - a potion of ambrosia
 s - 2 potions of agility
 w - a potion of berserk rage {unknown}
Comestibles
 f - 13 rations
 v - 5 chunks of flesh


   Skills:
 + Level 5.8 Fighting
 + Level 9.7 Long Blades
 + Level 7.0 Armour
 * Level 6.7 Dodging
 + Level 1.7 Stealth
 + Level 6.7 Shields


You had 9 spell levels left.
You didn't know any spells.
Your spell library contained the following spells:

 Spells                   Type           Power        Failure   Level  Hunger
 Magic Dart               Conj           #...         97%         1    ##.....
 Blink                    Tloc           N/A          99%         2    ###....
 Call Imp                 Summ           #.......     99%         2    ###....
 Slow                     Hex            #.......     99%         2    ###....
 Conjure Flame            Conj/Fire      #.......     100%        3    ####...
 Mephitic Cloud           Conj/Pois/Air  #.......     100%        3    ####...


Dungeon Overview and Level Annotations

Branches:
Dungeon (10/15)            Temple (1/1) D:6
   Lair: D:8-11         Orc: D:9-12

Altars:
Ashenzari
Cheibriados
Dithmenos
Elyvilon
Fedhas
Gozag
Hepliaklqana
Kikubaaqudgha
Makhleb
Nemelex Xobeh
Okawaru
Qazlal
Ru
Sif Muna
Trog
Uskayaw
Vehumet
Wu Jian
Xom
Yredelemnul
Zin
The Shining One

Shops:
D:4 [


Innate Abilities, Weirdness & Mutations

You have razor-sharp toenails.
You are partially covered in icy blue scales. (AC +2)
You regenerate a little health from kills.
You are mostly covered in sharp spines.


Message History

The eight-headed hydra bites you but does no damage.
The eight-headed hydra bites you!
* * * LOW HITPOINT WARNING * * *
You block the eight-headed hydra's attack. x2
The eight-headed hydra is struck by your spines.
The eight-headed hydra bites you but does no damage.
The eight-headed hydra barely misses you.
The eight-headed hydra bites you but does no damage. x4
You block the eight-headed hydra's attack.
The eight-headed hydra bites you but does no damage.
You barely miss the eight-headed hydra. You claw the eight-headed hydra.
The eight-headed hydra is moderately wounded.
You are feeling hungry.
The eight-headed hydra is struck by your spines.
The eight-headed hydra bites you but does no damage. x2
The eight-headed hydra bites you!
* * * LOW HITPOINT WARNING * * *
You block the eight-headed hydra's attack.
The eight-headed hydra bites you!
You die...

.....##.......>...............#
.....####.........>.##........#
.....# #...........##......<.#
...>.# ######.#######........#
###### ###.# ####'##### #...#
#.# ##'##### #.## #.....D# #..#
#.....@#### ###)##### #####
#......+..# #.......#
....#######......##.# #.......#
###.......'......##.####.......#
#########......##..<##.......#
#......####..'.......# #####'##
####.......# #..# #.......# #.##
####'####


You could see an eight-headed hydra.

Vanquished Creatures
  4 two-headed ogres (D:8)
  A troll (D:10)
  A merfolk (D:9)
  2 hippogriffs
  A wyvern (D:8)
  2 humans (D:7)
  2 hungry ghosts (D:8)
  3 orc warriors
  A sky beast (D:8)
  An eye of draining (D:10)
  A phantom (D:9)
  A black bear (D:7)
  7 ogres
  2 centaurs (D:8)
  A big kobold (D:9)
  3 bullfrogs
  3 scorpions
  3 wights (D:7)
  5 killer bees (D:10)
  2 howler monkeys
  A bullfrog zombie (D:9)
  6 crimson imps
  A centaur zombie (D:4)
  An orc priest (D:7)
  A hound (D:5)
  4 bullfrog skeletons
  3 iron imps (D:8)
  6 orc wizards
  Jessica (D:3)
  8 iguanas
  4 worker ants
  Terence (D:3)
  A hound zombie (D:6)
  A hound skeleton (D:9)
  3 worker ant zombies
  Robin (D:3)
  A howler monkey skeleton (D:5)
  10 adders
  3 gnolls
  6 shadow imps
  An ooze (D:1)
  An adder skeleton (D:9)
  2 adder zombies
  4 worms
  2 dart slugs (D:1)
  8 leopard geckos
  26 orcs
  3 ball pythons
  2 giant cockroaches (D:1)
  26 goblins
  8 hobgoblins
  6 jackals
  12 kobolds
  A quokka (D:10)
  12 bats
  5 frilled lizards
  A giant cockroach zombie (D:6)
  2 quokka skeletons
  A quokka zombie (D:8)
  8 rats
240 creatures vanquished.

Notes
Turn   | Place    | Note
-------+----------+-------------------------------------------
     0 | D:1      | senseless the Demonspawn Fighter began the quest for the
                  | Orb.
     0 | D:1      | Reached XP level 1. HP: 18/18 MP: 1/1
   290 | D:1      | Gained mutation: You are partially covered in sharp spines.
                  | [demonic ancestry]
   290 | D:1      | Reached XP level 2. HP: 24/24 MP: 2/2
   390 | D:1      | Reached skill level 2 in Long Blades
   479 | D:1      | Gained mutation: You have sharp toenails. [demonic
                  | ancestry]
   479 | D:1      | Reached XP level 3. HP: 27/29 MP: 3/3
  1237 | D:2      | Gained mutation: You regenerate a little health from kills.
                  | [demonic ancestry]
  1237 | D:2      | Reached XP level 4. HP: 35/35 MP: 4/4
  1767 | D:3      | Noticed Terence
  1767 | D:3      | Noticed Jessica
  1791 | D:3      | Killed Terence
  1791 | D:3      | Reached skill level 3 in Long Blades
  1827 | D:3      | Killed Jessica
  1827 | D:3      | Gained mutation: You have razor-sharp toenails. [demonic
                  | ancestry]
  1827 | D:3      | Reached XP level 5. HP: 37/41 MP: 5/5
  1989 | D:3      | Noticed Robin
  2008 | D:3      | Killed Robin
  2287 | D:4      | Found an ancient bone altar of Kikubaaqudgha.
  2287 | D:4      | Found a shimmering altar of Xom.
  2287 | D:4      | Found a glowing silver altar of Zin.
  2307 | D:4      | Reached skill level 1 in Dodging
  2329 | D:4      | Reached XP level 6. HP: 47/47 MP: 6/6
  2367 | D:4      | Found Qocveogoc's Antique Armour Shoppe.
  2456 | D:5      | Entered Level 5 of the Dungeon
  2457 | D:5      | HP: 2/47 [ogre/+0 giant club (20)]
  2461 | D:5      | Reached skill level 4 in Long Blades
  2940 | D:4      | Reached XP level 7. HP: 43/53 MP: 7/7
  2960 | D:4      | Found a bloodstained altar of Trog.
  3298 | D:5      | Found a blossoming altar of Fedhas.
  3458 | D:5      | Got a scorched long sword
  3459 | D:5      | Identified the +4 long sword of the Jester {protect, -Tele
                  | Fragile rElec Dex+9} (You found it on level 5 of the
                  | Dungeon)
  3489 | D:5      | Got a crystal dagger
  3641 | D:5      | Reached skill level 1 in Stealth
  3750 | D:5      | Reached skill level 5 in Long Blades
  3788 | D:5      | Identified the +5 dagger of the Doomed Warrior {flame,
                  | rElec} (You found it on level 5 of the Dungeon)
  4036 | D:6      | Found a staircase to the Ecumenical Temple.
  4045 | Temple   | Entered the Ecumenical Temple
  4233 | Temple   | Became a worshipper of Qazlal Stormbringer
  4773 | D:6      | Gained mutation: You are mostly covered in sharp spines.
                  | [demonic ancestry]
  4773 | D:6      | Reached XP level 8. HP: 47/60 MP: 8/8
  4916 | D:7      | Found an iron altar of Okawaru.
  4939 | D:7      | Reached skill level 6 in Long Blades
  4939 | D:7      | Reached skill level 5 in Armour
  5393 | D:7      | Found a radiant altar of Vehumet.
  5430 | D:7      | Reached * piety under Qazlal
  5435 | D:7      | Reached XP level 9. HP: 36/67 MP: 9/9
  5675 | D:7      | Reached skill level 7 in Long Blades
  5976 | D:8      | Found a hazy altar of Hepliaklqana.
  6049 | D:8      | Noticed a two-headed ogre
  6061 | D:8      | Killed a two-headed ogre
  6061 | D:8      | Reached skill level 5 in Fighting
  6061 | D:8      | Reached skill level 5 in Dodging
  6061 | D:8      | Reached skill level 5 in Shields
  6265 | D:8      | Noticed a two-headed ogre
  6275 | D:8      | Killed a two-headed ogre
  6275 | D:8      | Reached skill level 8 in Long Blades
  6320 | D:8      | Gained mutation: You are partially covered in icy blue
                  | scales. (AC +2) [demonic ancestry]
  6320 | D:8      | Reached XP level 10. HP: 73/74 MP: 10/10
  6493 | D:8      | Reached ** piety under Qazlal
  6592 | D:8      | Noticed a two-headed ogre
  6601 | D:8      | Killed a two-headed ogre
  6611 | D:8      | Noticed a two-headed ogre
  6625 | D:8      | Killed a two-headed ogre
  6625 | D:8      | Reached skill level 9 in Long Blades
  6974 | D:8      | Found a burning altar of Makhleb.
  7691 | D:9      | Found a sparkling altar of Nemelex Xobeh.
  7821 | D:10     | Entered Level 10 of the Dungeon
  7850 | D:10     | Reached *** piety under Qazlal
  7948 | D:10     | Noticed an eight-headed hydra
  7956 | D:9      | Upgraded the game from 0.23.2-11-gf996548c65 to
                  | 0.23.2-30-g0e89c35649
  7957 | D:9      | HP: 3/76 [eight-headed hydra (11)]
  7957 | D:9      | Mangled by an eight-headed hydra

Skill      XL: |  1  2  3  4  5  6  7  8  9 10 |
---------------+-------------------------------+-----
Armour         | 3 4 5 6 7 |  7.0
Shields        | 3 4 5 6 |  6.7
Long Blades    | 2 3 4 5 6 8 9 |  9.7
Dodging        | 1 2 4 5 6 |  6.7
Fighting       | 4 5 |  5.8
Stealth        | 1 |  1.7

Action                   |  1- 3 |  4- 6 |  7- 9 | 10-12 || total
-------------------------+-------+-------+-------+-------++-------
Melee: Long sword        |    77 |   145 |   229 |   183 ||   634
       Kick              |     5 |    53 |   109 |    99 ||   266
Invok: Upheaval          |       |       |       |     1 ||     1
Evoke: Wand              |       |       |       |     2 ||     2
  Use: Potion            |     3 |     5 |       |       ||     8
       Scroll            |     3 |     1 |     8 |       ||    12
 Stab: Sleeping          |       |     1 |       |       ||     1
  Eat: Chunk             |       |     7 |     4 |     1 ||    12
       Ration            |       |       |     2 |     2 ||     4
Armor: Scale mail        |    38 |    51 |    65 |    52 ||   206
Dodge: Dodged            |    23 |    35 |    59 |    51 ||   168
       Deflected         |       |     1 |       |       ||     1
Block: Shield            |    42 |    63 |    98 |   112 ||   315
       Rpst.: Long sword |     4 |    12 |    15 |    14 ||    45
